Map: Orbital Shipyard

Players

Putin - Winner!

  • Race: Protoss Protoss
  • League: Platinum

LilDicky

  • Race: Terran Terran
  • League: Diamond

VOD

http://www.twitch.tv/tumescentpie

Description

Time

  • Played on: Dec. 8, 2015, 9:45 a.m.
  • Length: 11:35
Show
View Real Time Build Order
Export as new Build Order

Putin Protoss - Winner!

Build Orders: Nexus First 

Get SALT Encoding   

  12  0:04  Probe (Chrono Boost)  
  13  0:15  Probe (Chrono Boost)  
  13  0:19  Pylon  
  14  0:25  Probe (Chrono Boost)  
  15  0:37  Probe (Chrono Boost)  
  16  0:48  Probe (Chrono Boost)  
  17  1:03  Nexus  
  17  1:04  Probe (Chrono Boost)  
  18  1:16  Gateway  
  18  1:18  Probe (Chrono Boost)  
  19  1:24  Assimilator  
  19  1:28  Probe (Chrono Boost)  
  20  1:37  Pylon  
  20  1:39  Probe (Chrono Boost)  
  21  1:49  Assimilator  
  21  1:52  Probe (Chrono Boost)  
  22  2:03  Cybernetics Core  
  22  2:07  Probe (Chrono Boost)  
  23  2:17  Probe (Chrono Boost)  
  23  2:18  Probe (Chrono Boost)  
  25  2:28  Probe (Chrono Boost)  
  26  2:30  Probe (Chrono Boost)  
  27  2:38  Probe (Chrono Boost)  
  27  2:41  Mothership Core (Chrono Boost), Adept  
  27  2:42  Warp Gate  
  32  2:45  Gateway  
  32  2:50  Probe (Chrono Boost)  
  33  2:59  Probe (Chrono Boost), Pylon  
  33  3:02  Probe (Chrono Boost)  
  35  3:10  Probe (Chrono Boost)  
  36  3:14  Probe (Chrono Boost)  
  36  3:15  Stalker  
  39  3:20  Probe (Chrono Boost)  
  37  3:33  Probe (Chrono Boost)  
  38  3:34  Robotics Facility  
  38  3:37  Probe (Chrono Boost)  
  41  3:41  Adept  
  41  3:59  Probe (Chrono Boost)  
  41  4:00  Probe (Chrono Boost)  
  40  4:03  Stalker  
  42  4:10  Probe (Chrono Boost)  
  42  4:11  Probe (Chrono Boost)  
  42  4:20  Probe x2 (Chrono Boost)  
  42  4:21  Observer (Chrono Boost)  
  42  4:22  Gateway  
  45  4:30  Probe  
  43  4:32  Probe  
  45  4:39  Pylon  
  45  4:40  Probe, Observer (Chrono Boost)  
  47  4:50  Probe  
  47  4:51  Probe  
  48  4:55  Assimilator  
  48  4:56  Assimilator  
  48  4:59  Observer (Chrono Boost)  
  50  5:02  Probe  
  50  5:03  Probe, Pylon  
  50  5:06  Robotics Bay  
  52  5:12  Adept x2  
  56  5:15  Probe  
  56  5:18  Nexus  
  56  5:21  Pylon  
  57  5:27  Pylon  
  57  5:29  Pylon  
  57  5:31  Pylon  
  57  5:33  Adept x3  
  59  5:56  Adept x3  
  59  5:57  Probe  
  61  5:58  Probe  
  61  6:15  Probe  
  56  6:18  Adept  
  56  6:19  Adept x2  
  56  6:21  Immortal (Chrono Boost)  
  56  6:22  Probe, Pylon  
  56  6:23  Pylon  
  67  6:29  Pylon  
  67  6:38  Probe  
  62  6:40  Probe  
  62  6:45  Adept x3  
  59  6:59  Probe  
  59  7:00  Probe  
  55  7:05  Immortal (Chrono Boost)  
  55  7:06  Adept x2  
  55  7:07  Adept  
  59  7:08  Mothership Core  
  49  7:28  Adept  
  49  7:29  Adept  
  51  7:30  Gateway, Adept  
  51  7:31  Gateway  
  49  7:39  Warp Prism (Chrono Boost)  
  49  7:46  Probe  
  49  7:47  Probe  
  51  7:56  Probe  
  51  7:57  Adept x3  
  58  7:59  Probe  
  58  8:04  Pylon  
  59  8:07  Probe  
  59  8:10  Colossus (Chrono Boost)  
  59  8:11  Probe  
  67  8:18  Probe  
  67  8:19  Adept x2  
  68  8:20  Adept  
  68  8:23  Probe  
  71  8:27  Pylon  
  65  8:41  Adept x3  
  63  8:43  Gateway  
  65  8:49  Probe  
  65  8:50  Probe  
  65  8:52  Adept x2  
  71  8:57  Colossus (Chrono Boost)  
  77  9:17  Adept x4  
  79  9:18  Extended Thermal Lance  
  79  9:19  Probe  
  86  9:26  Forge  
  86  9:43  Nexus  
  86  9:44  Pylon  
  86  9:46  Pylon  
  86  9:51  Probe  
  86  9:58  Pylon  
  86  9:59  Pylon  
  86  10:00  Pylon  
  86  10:01  Pylon  
  86  10:03  Pylon  
  84  10:13  Pylon  
  84  10:14  Pylon  
  84  10:19  Stalker  
  84  10:20  Stalker x2  
  90  10:33  Stalker  
  76  10:43  Stalker x3  
  76  10:45  Colossus (Chrono Boost)  
  83  11:05  Stalker  
  85  11:16  Probe  
  82  11:20  Stalker x3  
Show
View Real Time Build Order
Export as new Build Order

LilDicky Terran 

Build Orders: MMM Bio 

Get SALT Encoding   

  12  0:02  SCV  
  13  0:14  SCV  
  13  0:19  Supply Depot  
  14  0:26  SCV  
  15  0:33  Refinery  
  15  0:41  SCV  
  16  0:46  Barracks  
  16  0:53  SCV  
  17  1:07  SCV  
  18  1:19  SCV  
  19  1:33  Marine  
  19  1:35  Orbital Command  
  19  1:36  Supply Depot  
  20  1:46  Factory  
  20  1:51  Marine  
  21  2:02  Barracks  
  21  2:04  SCV, Barracks  
  22  2:23  Barracks Reactor  
  22  2:28  SCV, Refinery  
  23  2:40  SCV  
  24  2:45  Supply Depot  
  24  2:47  Widow Mine  
  24  2:50  Barracks Tech Lab  
  24  2:51  Barracks Tech Lab  
  26  2:52  SCV  
  27  2:59  Marine  
  27  3:01  Marine  
  29  3:10  Stimpack  
  28  3:16  Combat Shields  
  28  3:17  Marine x2  
  30  3:28  Marine x2  
  30  3:29  SCV  
  33  3:35  Widow Mine  
  33  3:39  Marauder x2  
  39  3:49  Starport  
  39  3:52  Supply Depot  
  39  4:13  SCV, Marine x2  
  39  4:14  Marauder x2  
  46  4:26  SCV, Medivac  
  46  4:31  Supply Depot, Marine x2  
  49  4:34  Marine  
  49  4:35  Marauder  
  54  4:52  Marine x2  
  51  4:53  Marauder  
  54  5:03  Concussive Shells, Marauder  
  56  5:07  Medivac  
  56  5:10  Marine  
  56  5:11  SCV  
  60  5:14  Marauder  
  60  5:18  Marine  
  63  5:23  Supply Depot  
  63  5:45  SCV, Marauder  
  57  5:58  Marine x2  
  57  6:02  Medivac, Marine  
  64  6:06  Marine  
  57  6:28  Marine  
  57  6:29  Marauder, Marine  
  57  6:32  Medivac  
  58  7:01  Marine x3  
  57  7:02  Marauder  
  51  7:19  Marine  
  51  7:20  Marauder, Marine  
  53  7:23  Marauder  
  54  7:37  Marine x2  
  54  7:40  Marine  
  55  7:44  Marine  
  55  7:55  Marine x2  
  56  7:58  Marine  
  56  8:02  Marine  
  58  8:06  Liberator  
  58  8:08  Command Center  
  58  8:13  Marine x2  
  58  8:17  Marauder  
  59  8:20  Marauder  
  64  8:31  Marine x2  
  64  8:38  Marauder  
  60  8:41  Marauder  
  62  8:49  Marine x2  
  64  8:57  Barracks  
  64  8:59  Marine  
  64  9:02  Marine  
  65  9:04  Barracks  
  65  9:06  Marine  
  65  9:19  Viking  
  65  9:22  Orbital Command  
  68  9:31  Orbital Command  
  67  9:38  Refinery  
  67  9:39  Refinery  
  67  9:40  Marine x2  
  67  9:41  Marauder  
  71  9:55  Liberator  
  66  10:08  Marine  
  66  10:09  Marauder, Marine  
  66  10:10  Marauder  
  75  10:18  Marine  
  75  10:19  Marine  
  68  10:41  Marine x2  
  65  10:44  Marine x3  
  58  10:56  Marine  
  55  10:59  Marine  
  54  11:08  Marine x3  
  54  11:11  Marine  
  51  11:14  Marine  
  51  11:17  Marine  
Tags
 
Add a new tag
Caveats
  • Supply blocks, unpowered buildings, or Contaminate may cause inaccurate times.
  • Supply counts are checked every 10 seconds.